 Dungeon Crawl Stone Soup version 0.31.0-1-g2c135a008e (webtiles) character file.

Game seed: 15000650433612119766

63 Colgate the Trooper (level 3, -6/33 HPs)
             Began as a Draconian Brigand on Jan 20, 2024.
             Mangled by Crazy Yiuf
             ... wielding a +3 quarterstaff of chaos
              (9 damage)
             ... on level 2 of the Dungeon.
             The game lasted 00:05:30 (961 turns).

Colgate the Trooper (Draconian Brigand)              Turns: 961, Time: 00:05:31

Health: -6/33      AC:  6    Str: 13    XL:     3   Next: 89%
Magic:  3/3        EV: 12    Int: 11    God:
Gold:   84         SH:  0    Dex: 14    Spells: 2/2 levels left

rFire   + . .        g - +2 short sword (elec)
rCold   + . .        (no shield)
rNeg    . . .        (body armour unavailable)
rPois   +            (helmet restricted)
rElec   +            b - +0 cloak
rCorr   +            (no gloves)
SInv    .            (no boots)
Will    .....        (no amulet)
Stlth   +++          (no ring)
HPRegen 0.25/turn    (no ring)
MPRegen 0.08/turn

%: no passive effects
@: resistant
A: AC +5, unfitting armour, cold-blooded
a: no special abilities


You were on level 2 of the Dungeon.
You visited 1 branch of the dungeon, and saw 2 of its levels.

You collected 84 gold pieces.

Inventory:

Hand Weapons
 a - a +2 dagger
 g - a +2 short sword of electrocution (weapon)
Missiles
 c - 7 poisoned darts (quivered)
Armour
 b - a +0 cloak (worn)
Scrolls
 e - a scroll of immolation {unknown}
 i - a scroll of butterflies {unknown}
 j - a scroll of teleportation {unknown}
 k - a scroll of fog {unknown}
Potions
 f - a potion of haste {unknown}
 h - a potion of lignification {unknown}


   Skills:
 + Level 4.1 Fighting
 - Level 2.0 Short Blades
 - Level 1.7 Throwing
 - Level 1.3 Dodging
 - Level 4.0 Stealth


You had 2 spell levels left.
You didn't know any spells.
Your spell library was empty.

Dungeon Overview and Level Annotations

Branches:
Dungeon (2/15)

Altars:

Shops:
D:1 (

Annotations:
D:1 kallion takana juttuja
D:2 Crazy Yiuf


Innate Abilities, Weirdness & Mutations

Your plain brown scales are hard. (AC +5)
You cannot fit into any form of body armour.
You are cold-blooded and may be slowed by cold attacks.


Message History

Press: ? - help, Shift-Dir - straight line, f/p - Crazy Yiuf
Aim: Crazy Yiuf, wielding a +3 quarterstaff of chaos and wearing a +2 cloak of poison resistance (61% to hit)
You throw a curare-tipped dart. The curare-tipped dart hits Crazy Yiuf.
Crazy Yiuf barely misses you.
Throw: 9 darts (poison)
Press: ? - help, Shift-Dir - straight line, f/p - Crazy Yiuf
Aim: Crazy Yiuf, wielding a +3 quarterstaff of chaos and wearing a +2 cloak of poison resistance (61% to hit)
You throw a poisoned dart.
The poisoned dart barely misses Crazy Yiuf.
You throw a poisoned dart. The poisoned dart hits Crazy Yiuf.
Crazy Yiuf hits you with a +3 quarterstaff of chaos.
You feel protected.
You hit Crazy Yiuf but do no damage. Crazy Yiuf barely misses you.
You barely miss Crazy Yiuf. Crazy Yiuf completely misses you.
You closely miss Crazy Yiuf. Crazy Yiuf closely misses you.
You hit Crazy Yiuf but do no damage. Crazy Yiuf closely misses you.
You hit Crazy Yiuf. Your punch misses Crazy Yiuf.
Crazy Yiuf screams, "Ghoul!"
Crazy Yiuf misses you.
You hit Crazy Yiuf but do no damage.
You tail-slap Crazy Yiuf, but do no damage.
Crazy Yiuf says, "Papa!"
Crazy Yiuf closely misses you.
You closely miss Crazy Yiuf. Crazy Yiuf closely misses you.
You closely miss Crazy Yiuf. You tail-slap Crazy Yiuf.
Crazy Yiuf hits you but does no damage.
You barely miss Crazy Yiuf. You hit Crazy Yiuf.
Crazy Yiuf hits you with a +3 quarterstaff of chaos.
You barely miss Crazy Yiuf.
Crazy Yiuf hits you with a +3 quarterstaff of chaos!
Crazy Yiuf freezes you.
You hit Crazy Yiuf but do no damage. Crazy Yiuf barely misses you.
You closely miss Crazy Yiuf. Crazy Yiuf misses you.
You hit Crazy Yiuf. You tail-slap Crazy Yiuf.
Crazy Yiuf hits you with a +3 quarterstaff of chaos!
* * * LOW HITPOINT WARNING * * *
You hit Crazy Yiuf.
Crazy Yiuf hits you with a +3 quarterstaff of chaos!
You die...

#####
#.()# #
#...# #
... # #g#
## ##@#
.#########
#.##
...)......
##.#
.#########
#.##
<....#
##.##
####.#
#.PP## ##
#.# #P.PP#
)# #.#
#)...# .#
#.# #.)).#


You could see Crazy Yiuf.

Vanquished Creatures
  Jessica (D:2)
  A ribbon worm (D:2)
  4 goblins
  5 hobgoblins
  2 jackals (D:1)
  4 kobolds (D:1)
  3 quokkas (D:1)
  5 ball pythons
  5 bats
  2 frilled lizards (D:2)
  2 rats (D:1)
34 creatures vanquished.

Notes
Turn   | Place    | Note
-------+----------+-------------------------------------------
     0 | D:1      | Colgate the Draconian Brigand began the quest for the Orb.
     0 | D:1      | Reached XP level 1. HP: 17/17 MP: 1/1
    75 | D:1      | Reached skill level 1 in Dodging
   135 | D:1      | Reached XP level 2. HP: 24/24 MP: 2/2
   165 | D:1      | Found Yneikh's Weapon Emporium.
   289 | D:1      | Found a faded altar of an unknown god.
   770 | D:2      | Reached XP level 3. HP: 31/31 MP: 3/3
   770 | D:2      | Noticed Jessica
   777 | D:2      | Killed Jessica
   937 | D:2      | Found a runed translucent door.
   938 | D:2      | Noticed Crazy Yiuf
   961 | D:2      | Mangled by Crazy Yiuf

Illustrated notes

Levels and vault maps discovered:
D:1:      shiori_arrival_elements, layout_basic, serial_shops,
          nicolae_shop_gibbet_a_chance, dreamdust_ecumenical_altar_grove,
          due_unseen_surprise
D:2:      layout_loops_ring, uniq_jessica, uniq_crazy_yiuf_cottage

Skill      XL: |  1  2  3 |
---------------+----------+-----
Stealth        | 4 |  4.0
Dodging        | 1 |  1.3
Fighting       | 3 4 |  4.1
Short Blades   | |  2.0
Throwing       | |  1.7

Action                     || total
---------------------------++-------
  Melee: Dagger            ||    37
         Punch             ||     1
         Short sword       ||    64
         Tailslap          ||     7
  Throw: Dart              ||     5
   Stab: Sleeping          ||     5
 Armour: Skin              ||    47
  Dodge: Dodged            ||    62
